 Dungeon Crawl Stone Soup version 0.24.0 (webtiles) character file.

Game seed: 14925832134438116785, levelgen mode: deterministic

290 Buxparty the Skirmisher (level 6, -9/39 HPs)
             Began as a Gargoyle Fighter on Mar 21, 2020.
             Killed by divine providence
             ... invoked by an orc priest
              (10 damage)
             ... on level 4 of the Dungeon.
             The game lasted 00:04:28 (2381 turns).

Buxparty the Skirmisher (Gargoyle Fighter)          Turns: 2381, Time: 00:04:28

Health: -9/39      AC: 11    Str: 22    XL:     6   Next: 32%
Magic:  6/6        EV:  7    Int:  8    God:
Gold:   148        SH:  9    Dex:  9    Spells: 5/5 levels left

rFire    . . .     SeeInvis .   a - +0 long sword
rCold    . . .     Gourm    +   c - +0 shield
rNeg     + . .     Faith    .   b - +0 scale mail
rPois    ∞         Spirit   .   (no helmet)
rElec    +         Reflect  .   (no cloak)
rCorr    .         Harm     .   (no gloves)
MR       .....                  (no boots)
Stlth    ..........             o - amulet of the gourmand
HPRegen  0.13/turn              (no ring)
MPRegen  0.10/turn              (no ring)

@: no status effects
A: negative energy resistance 1, electricity resistance, unbreathing,
petrification resistance, rot immunity, AC +4
a: no special abilities


You were on level 4 of the Dungeon.
You were not hungry.

You visited 1 branch of the dungeon, and saw 4 of its levels.

You collected 148 gold pieces.

Inventory:

Hand Weapons
 a - a +0 long sword (weapon)
Missiles
 n - 3 atropa-tipped darts (quivered)
Armour
 b - a +0 scale mail (worn)
 c - a +0 shield (worn)
Jewellery
 o - an amulet of the gourmand (around neck)
Wands
 t - a wand of disintegration (7)
Scrolls
 j - a scroll of random uselessness {unknown}
 k - a scroll of magic mapping {unknown}
 l - 4 scrolls of enchant weapon {unknown}
 m - 4 scrolls of fog {unknown}
 p - 3 scrolls of identify {unknown}
 s - a scroll of amnesia {unknown}
 u - a scroll of remove curse
Potions
 d - a potion of might
 e - a potion of flight {unknown}
 g - a potion of curing {unknown}
 h - a potion of haste {unknown}
 i - a potion of lignification {unknown}
 q - a potion of ambrosia {unknown}
 r - a potion of heal wounds {unknown}
Comestibles
 f - 6 rations


   Skills:
 + Level 4.4 Fighting
 * Level 3.9 Long Blades
 + Level 4.4 Armour
 + Level 4.4 Shields


You had 5 spell levels left.
You didn't know any spells.
Your spell library was empty.

Dungeon Overview and Level Annotations

Branches:
Dungeon (4/15)
 Temple: D:4-7

Altars:
Okawaru


Innate Abilities, Weirdness & Mutations

You are resistant to torment.
Your stone body is resilient. (AC +4)
You are immune to poison.
You resist negative energy. (rN+)
You are resistant to electric shocks. (rElec)
You can survive without breathing.
You are immune to petrification.
You are immune to rotting.


Message History

An orc comes into view. It is wielding a +0 mace.
You hit the orc priest but do no damage.
The orc priest is heavily wounded.
The orc wizard mumbles some strange words.
The orc wizard blinks!
The orc priest mumbles some strange prayers to Beogh against you.
Beogh smites you!
You slash the orc priest!
You kill the orc priest!
The orc wizard barely misses you.
You riposte.
You closely miss the orc wizard.
The orc wizard hits you but does no damage.
The orc priest calls down the wrath of Beogh upon you.
Beogh smites you!
* * * LOW HITPOINT WARNING * * *
The orc wizard gestures at you while chanting.
The magic dart hits you.
* * * LOW HITPOINT WARNING * * *
The orc priest calls down the wrath of Beogh upon you.
Beogh smites you!
You die...

## #. .# # #.#
####.###..
###.###.........
#....##.........
#....##....o....
#....##..[..o...
#(...##.oo......
#...<.@.........
#....###########
#....# #....#
#....# ######


You could see an orc priest, an orc wizard and 2 orcs.

Vanquished Creatures
  An orc priest (D:4)
  Natasha (thrice) (D:2)
  Ijyb (D:3)
  Terence (D:2)
  A gnoll (D:1)
  4 adders
  An ooze (D:2)
  4 worms
  A dart slug (D:1)
  3 leopard geckos
  An orc (D:3)
  8 bats
  3 giant cockroaches
  6 goblins (D:1)
  8 hobgoblins
  4 jackals (D:1)
  8 kobolds
  2 quokkas
  A ball python (D:2)
  2 frilled lizards (D:1)
  8 rats
71 creatures vanquished.

Notes
Turn   | Place    | Note
-------+----------+-------------------------------------------
     0 | D:1      | Buxparty the Gargoyle Fighter began the quest for the Orb.
     0 | D:1      | Reached XP level 1. HP: 14/14 MP: 1/1
    37 | D:1      | Reached XP level 2. HP: 14/19 MP: 2/2
   139 | D:1      | Reached XP level 3. HP: 17/23 MP: 3/3
   745 | D:2      | Reached XP level 4. HP: 26/29 MP: 4/4
   879 | D:2      | Noticed Terence
   898 | D:2      | Killed Terence
  1004 | D:2      | Reached XP level 5. HP: 33/33 MP: 5/5
  1121 | D:2      | Noticed Natasha
  1137 | D:2      | Killed Natasha
  1264 | D:2      | Noticed Natasha
  1274 | D:2      | Killed Natasha
  1446 | D:2      | Noticed Natasha
  1474 | D:2      | Killed Natasha
  2041 | D:3      | Found an iron altar of Okawaru.
  2048 | D:3      | Reached XP level 6. HP: 39/39 MP: 6/6
  2233 | D:3      | Noticed Ijyb
  2243 | D:3      | Killed Ijyb
  2380 | D:4      | HP: 1/39 [orc wizard/magic dart (2)]
  2381 | D:4      | Killed from afar by an orc priest

Levels and vault maps discovered:
D:1:      shiori_arrival_oz, layout_loops_ring
D:2:      layout_basic, serial_curves, eino_curves_02, eino_curves_02,
          minmay_pentomino_pile, uniq_terence, uniq_natasha
D:3:      minmay_chambers_of_twos, layout_loops_cross, first_ration,
          okawaru_metal_pillars_1_2, uniq_ijyb
D:4:      layout_rooms, lemuel_doored_altar, gup_sewer_entry_spiral
